 Dungeon Crawl Stone Soup version 0.27.1-36-g1b1ada6b1e (webtiles) character file.

Game seed: 4075101132150926152

70 NotaViper the Ducker (level 4, 0/44 HPs)
             Began as a Troll Fighter on Feb 14, 2023.
             Was a Believer of Cheibriados.
             Slain by an orc priest (1 damage)
             ... on level 3 of the Dungeon on Feb 15, 2023.
             The game lasted 00:11:39 (2003 turns).

NotaViper the Ducker (Troll Fighter)                Turns: 2003, Time: 00:11:39

Health: 0/44       AC:  5    Str: 34    XL:     4   Next: 4%
Magic:  3/3        EV:  8    Int:  8    God:    Cheibriados [**....]
Gold:   63         SH: 10    Dex: 14    Spells: 3/3 levels left

rFire    + . .     SeeInvis .   a - +0 war axe
rCold    x . .     Faith    .   c - +0 kite shield
rNeg     . . .     Spirit   .   u - +0 robe
rPois    .         Reflect  .   (helmet restricted)
rElec    .         Harm     .   f - +0 cloak
rCorr    .         Rampage  .   (gloves unavailable)
Will     .....                  (boots unavailable)
Stlth    +.........             (no amulet)
HPRegen  1.14/turn              e - +6 ring of strength
MPRegen  0.08/turn              q - ring of fire

@: very slow
A: large, unfitting armour, claws 3, regeneration 1, shaggy fur 1, tough skin 1
a: Renounce Religion, Bend Time


You were on level 3 of the Dungeon.
You worshipped Cheibriados.
Cheibriados was pleased with you.
You visited 1 branch of the dungeon, and saw 3 of its levels.

You collected 63 gold pieces.

Inventory:

Hand Weapons
 a - a +0 war axe (weapon)
 g - a +0 falchion
 k - a +0 whip
 n - a +0 short sword
Missiles
 l - 79 stones (quivered)
Armour
 b - a +0 robe
 c - a +0 kite shield (worn)
 f - a +0 cloak (worn)
 i - a +0 pair of boots
 o - a +0 leather armour
 r - a +0 ring mail
 u - a +0 robe (worn)
Jewellery
 e - a +6 ring of strength (left claw)
 q - a ring of fire (right claw)
Scrolls
 p - 3 scrolls of identify {unknown}
 t - a scroll of vulnerability {unknown}
 v - a scroll of teleportation {unknown}
Potions
 d - a potion of might
 h - a potion of berserk rage {unknown}
 j - a potion of haste {unknown}
 m - a potion of heal wounds {unknown}
 s - 2 potions of curing {unknown}


   Skills:
 + Level 2.8 Fighting
 + Level 2.3 Axes
 + Level 3.0 Dodging
 + Level 0.1 Stealth
 + Level 2.8 Shields


You had 3 spell levels left.
You didn't know any spells.
Your spell library was empty.

Dungeon Overview and Level Annotations

Branches:
Dungeon (3/15)

Altars:
Cheibriados


Innate Abilities, Weirdness & Mutations

You are too large for most types of armour.
You have claws for hands.
Your natural rate of healing is unusually fast.
You are covered in fur. (AC +1)
You have tough skin. (AC +1)


Message History

An orc and an orc priest come into view.
Found a quarterstaff.
The orc priest shouts!
The orc shouts!
The orc hits you but does no damage.
An orc comes into view. It is wielding a +0 trident.
You closely miss the orc. The orc barely misses you.
The orc hits you with a +0 club.
You barely miss the orc. The orc hits you with a +0 club.
You block the orc's attack.
You closely miss the orc.
The orc hits you from afar with a +0 trident.
You closely miss the orc. The orc closely misses you.
You block the orc's attack.
The orc priest calls down the wrath of Beogh upon you.
Beogh smites you!
The orc hits you from afar with a +0 trident.
You hit the orc.
The orc is almost dead.
The orc barely misses you. You block the orc's attack.
You hit the orc.
You kill the orc!
Cheibriados appreciates the change of pace.
You block the orc's attack. The orc misses you.
The orc hits you but does no damage.
Your Dodging skill increases to level 3!
You have reached level 4!
You barely miss the orc. You block the orc's attack. The orc barely misses you.
You slash the orc!
You kill the orc!
Cheibriados appreciates the change of pace.
The orc hits you from afar with a +0 trident!
The orc priest calls down the wrath of Beogh upon you.
Beogh smites you!
* * * LOW HITPOINT WARNING * * *
You barely miss the orc priest. The orc closely misses you.
The orc priest invokes the aid of Beogh against you.
Beogh smites you!
* * * LOW HITPOINT WARNING * * *
The orc barely misses you. The orc priest hits you with a +0 club.
You die...

. # .. . ...
#. ###....
#.# .o..)..
..###o......
#.#@# #..#
#..#####..
#.<.......
#.#######.
#.# #.# ...
...


You could see an orc priest and an orc.

Vanquished Creatures
  An adder (D:2)
  A gnoll (D:1)
  A worm (D:2)
  2 orcs (D:3)
  5 ball pythons
  10 bats
  5 endoplasms
  3 giant cockroaches (D:2)
  3 goblins
  5 hobgoblins
  A quokka (D:2)
  2 frilled lizards
  2 kobolds
  2 rats
43 creatures vanquished.

Notes
Turn   | Place    | Note
-------+----------+-------------------------------------------
     0 | D:1      | NotaViper the Troll Fighter began the quest for the Orb.
     0 | D:1      | Reached XP level 1. HP: 22/22 MP: 0/0
   148 | D:1      | Reached XP level 2. HP: 29/29 MP: 1/1
   444 | D:1      | Reached XP level 3. HP: 36/36 MP: 2/2
   543 | D:1      | Found a faded altar of an unknown god.
   561 | D:1      | Became a worshipper of Cheibriados the Contemplative
   561 | D:1      | Reached * piety under Cheibriados
  1321 | D:2      | Reached ** piety under Cheibriados
  2001 | D:3      | Reached skill level 3 in Dodging
  2001 | D:3      | Reached XP level 4. HP: 29/44 MP: 3/3
  2003 | D:3      | HP: 1/44 [orc priest/divine providence (9)]
  2003 | D:3      | Slain by an orc priest

Illustrated notes

Levels and vault maps discovered:
D:1:      minmay_arrival_three_doors, layout_basic,
          hellmonk_ecumenical_altar_arch_garden, minmay_misc_feat_encased,
          dk_noncrumbling_2, chequers_serial_rivers_micro_c
D:2:      layout_basic, grunt_ministairs_4
D:3:      layout_loops_ring, amcnicky_altar_gilded, gammafunk_ghost_stat_death,
          kennysheep_generic_room_9

Skill      XL: |  1  2  3 |
---------------+----------+-----
Axes           | 2 |  2.3
Dodging        | 3 |  3.0
Fighting       | |  2.8
Stealth        | |  0.1
Shields        | |  2.8

Action                   |  1- 3 |  4- 6 || total
-------------------------+-------+-------++-------
Melee: War axe           |   121 |     3 ||   124
 Stab: Distracted        |     1 |       ||     1
Armor: Robe              |    79 |       ||    79
Dodge: Dodged            |    56 |     3 ||    59
Block: Kite shield       |    85 |     1 ||    86
